[ AOE2 MATCH · #466565053 ]
UnrankedTeutons vs Burgundians
[ REPLAY ANALYSIS · EXTRACTED FROM THE RECORDED GAME ]
Feudal
—
Castle
—
Imperial
—
| APM avg | 6.4 |
| APM peak | 7 |
| eAPM avg | 4.5 |
| Villagers / military | 4 / 0 |
Focus
⚔️ 0.0% · 🌾 100.0%
Feudal
—
Castle
—
Imperial
—
| APM avg | 16.4 |
| APM peak | 18 |
| eAPM avg | 9.1 |
| Villagers / military | 0 / 0 |
Focus
⚔️ 0.0% · 🌾 100.0%
Feudal
—
Castle
—
Imperial
—
| APM avg | 23.6 |
| APM peak | 26 |
| eAPM avg | 12.7 |
| Villagers / military | 5 / 0 |
Focus
⚔️ 0.0% · 🌾 100.0%
Feudal
—
Castle
—
Imperial
—
| APM avg | 7.3 |
| APM peak | 8 |
| eAPM avg | 5.5 |
| Villagers / military | 4 / 0 |
Focus
⚔️ 0.0% · 🌾 100.0%
Feudal
—
Castle
—
Imperial
—
| APM avg | 22.7 |
| APM peak | 24 |
| eAPM avg | 16.4 |
| Villagers / military | 8 / 0 |
Focus
⚔️ 0.0% · 🌾 100.0%
Feudal
—
Castle
—
Imperial
—
| APM avg | 30.9 |
| APM peak | 34 |
| eAPM avg | 21.8 |
| Villagers / military | 4 / 0 |
Focus
⚔️ 0.0% · 🌾 100.0%
Feudal
—
Castle
—
Imperial
—
| APM avg | 23.6 |
| APM peak | 25 |
| eAPM avg | 17.3 |
| Villagers / military | 3 / 0 |
Focus
⚔️ 0.0% · 🌾 100.0%
Feudal
—
Castle
—
Imperial
—
| APM avg | 10.0 |
| APM peak | 11 |
| eAPM avg | 8.2 |
| Villagers / military | 3 / 0 |
Focus
⚔️ 16.7% · 🌾 83.3%
Match map
Initial resources + every placement click. Lines = walls · curves = elevation contours. ◆ gold · ⬟ stone · ● berries · ✦ relic · ◌ wall gap
Your base
David's base
Life's base
BryghtO's base
Revontheus's base
NinaCriss ♪ ♥'s base
Canoobso's base
dinosaur's base
Smoothed initial terrain · ◌ = detected wall gap · hover for details
Inputs per minute
— Rafael - - David
Build order — Rafael
2 actions detected in the replay
| 0:04 | Create | Villager (Male) ×4 |
| 0:23 | Build | Mill |
Build order — David
2 actions detected in the replay
| 0:10 | Build | Mill |
| 0:15 | Build | Mining Camp |
Build order — Life
5 actions detected in the replay
| 0:01 | Create | Villager (Male) |
| 0:01 | Create | Villager (Male) |
| 0:01 | Create | Villager (Male) |
| 0:02 | Create | Villager (Male) |
| 0:02 | Create | Villager (Male) |
Build order — BryghtO
2 actions detected in the replay
| 0:09 | Create | Villager (Male) ×4 |
| 0:22 | Build | Mill |
Build order — Revontheus
4 actions detected in the replay
| 0:35 | Build | House |
| 0:44 | Build | Lumber Camp |
| 0:58 | Create | Villager (Male) ×4 |
| 0:58 | Create | Villager (Male) ×4 |
Build order — NinaCriss ♪ ♥
7 actions detected in the replay
| 0:20 | Build | House |
| 0:20 | Build | House |
| 0:23 | Build | Mill |
| 0:24 | Create | Villager (Male) |
| 0:25 | Create | Villager (Male) |
| 0:25 | Create | Villager (Male) |
| 0:25 | Create | Villager (Male) |
Build order — Canoobso
4 actions detected in the replay
| 0:12 | Create | Villager (Male) |
| 0:12 | Create | Villager (Male) |
| 0:13 | Create | Villager (Male) |
| 0:47 | Build | Mill |
Build order — dinosaur
4 actions detected in the replay
| 0:03 | Create | Villager (Male) |
| 0:04 | Create | Villager (Male) |
| 0:04 | Create | Villager (Male) |
| 0:21 | Build | Lumber Camp |
Match timeline
| 0:23 | Life · resign |
[ AI ANALYSIS · 1 CREDIT ]
What really happened in this match?
Wolo.gg analyzes every decision: build order, eco, micro, common mistakes by bracket. Personalized analysis on WhatsApp or Discord in 30 seconds.
Civ guide
Teutons
Perfil
Jugador #1532961